 Dungeon Crawl Stone Soup version 0.28-a0-664-gc179e30c89 (webtiles) character file.

Game seed: 17441037462531814379

1 siradein the Shield-Bearer (level 1, -1/20 HPs)
             Began as a Minotaur Fighter on Oct 17, 2021.
             Succumbed to a kobold's poison
             ... on level 1 of the Dungeon.
             The game lasted 00:00:11 (92 turns).

siradein the Shield-Bearer (Minotaur Fighter)         Turns: 92, Time: 00:00:12

Health: -1/20      AC:  6    Str: 20    XL:     1   Next: 16%
Magic:  0/0        EV:  9    Int:  5    God:
Gold:   0          SH:  4    Dex:  9    Spells: 0/0 levels left

rFire   . . .      SeeInvis .   a - +0 long sword
rCold   . . .      Faith    .   c - +0 buckler
rNeg    . . .      Spirit   .   b - +0 scale mail
rPois   .          Reflect  .   (helmet restricted)
rElec   .          Harm     .   (no cloak)
rCorr   .          Rampage  .   (no gloves)
Will    .....                   (no boots)
Stlth   ..........              (no amulet)
HPRegen 0.06/turn               (no ring)
MPRegen 0.07/turn               (no ring)

@: lethally poisoned (-1 -> -8)
A: horns 2, retaliatory headbutt
a: no special abilities


You were on level 1 of the Dungeon.
You visited 1 branch of the dungeon, and saw 1 of its levels.

Inventory:

Hand Weapons
 a - a +0 long sword (weapon)
Missiles
 e - 4 datura-tipped darts (quivered)
Armour
 b - a +0 scale mail (worn)
 c - a +0 buckler (worn)
Potions
 d - a potion of might


   Skills:
 + Level 3.6 Fighting
 + Level 2.4 Long Blades
 + Level 3.6 Armour
 + Level 3.6 Shields


You couldn't memorise any spells.
You didn't know any spells.
Your spell library was empty.

Dungeon Overview and Level Annotations

Branches:
Dungeon (1/15)

Altars:


Innate Abilities, Weirdness & Mutations

You have a pair of horns on your head.
You reflexively headbutt those who attack you in melee.


Message History

You hit the giant cockroach.
You kill the giant cockroach!
No target in view!
No target in view!
There is a dry fountain here.
You see here 4 datura-tipped darts.
e - 4 datura-tipped darts
Found 22 stones.
There is a dry fountain here.
A kobold comes into view. It is wielding a +2 whip of venom.
The kobold shouts!
You hear an angry hiss.
A kobold is nearby!
A kobold is nearby!
A kobold is nearby!
A ball python comes into view.
Found 3 gold pieces.
The ball python hisses angrily.
The kobold throws a stone.
The stone hits you but does no damage.
You closely miss the ball python. You block the ball python's attack.
The ball python closely misses you.
The kobold hits you with a +2 whip of venom.
The ball python closely misses you. The ball python grabs you.
The ball python constricts you.
Your scale mail prevents you from hitting the ball python.
The kobold hits you with a +2 whip of venom.
You are poisoned.
The ball python bites you but does no damage.
The ball python constricts you.
The kobold hits you with a +2 whip of venom.
You are lethally poisoned!
You escape the ball python's grasp.
You feel very sick.
* * * LOW HITPOINT WARNING * * *
You feel very sick.
* * * LOW HITPOINT WARNING * * *
You feel sick.
* * * LOW HITPOINT WARNING * * *
You feel sick. The ball python barely misses you.
The ball python closely misses you.
You die...

############
#........... #...#..#..#
# #.........
..#######...#..#..#.
#......@.SK......$..
........#.##############
...........+............
#..........#....# #.#
##..#####...#....###.#
.................+...#
.#....###...#....###.#
#..#.......#....# #.#
............#....###.# .


You could see a ball python and a kobold.

Vanquished Creatures
  A giant cockroach (D:1)
1 creature vanquished.

Notes
Turn   | Place    | Note
-------+----------+-------------------------------------------
     0 | D:1      | siradein the Minotaur Fighter began the quest for the Orb.
     0 | D:1      | Reached XP level 1. HP: 19/19 MP: 0/0
    91 | D:1      | HP: 1/20 [poisoned by a kobold]
    92 | D:1      | Succumbed to a kobold's poison

Illustrated notes

Levels and vault maps discovered:
D:1:      dpeg_arrival_lava_temple_mockup, layout_basic,
          hellmonk_ecumenical_altar_leap_of_faith, minmay_misc_feat_cross,
          columned_hall_lemuel, nrook_mini_backslash

Action                   || total
-------------------------++-------
Melee: Long sword        ||     3
Armor: Scale mail        ||     2
Dodge: Dodged            ||     4
Block: Buckler           ||     1

Table legend: (Time is in decaauts)
 A = Elapsed time spent in this place.
 B = Non-inter-level travel time spent in this place.
 C = Inter-level travel time spent in this place.
 D = Time resting spent in this place.
 E = Time spent auto-exploring this place.
 F = Levels seen in this place.
 G = Mean time per level.
                   A        B        C        D        E       F      G
               +--------+--------+--------+--------+--------+-----+--------+
         Total |     92 |     92 |      0 |      0 |     61 |   1 |   92.0 |
       Dungeon |     92 |     92 |      0 |      0 |     61 |   1 |   92.0 |
               +--------+--------+--------+--------+--------+-----+--------+

Top non-repeatable levels by time:
     D:1: 92 daAuts
